 Dungeon Crawl Stone Soup version 0.29.0-4-gdea44cf6ec (webtiles) character file.

Game seed: 7648498219947473846

109 qw the Chopper (level 4, -3/26 HPs)
             Began as a Tengu Warper on Aug 28, 2022.
             Slain by Sigmund
             ... wielding a +3 scythe of pain
              (10 damage)
             ... on level 2 of the Dungeon.
             The game lasted 00:00:10 (1998 turns).

qw the Chopper (Tengu Warper)                       Turns: 1998, Time: 00:00:11

Health: -3/26      AC: 19    Str: 13    XL:     4   Next: 89%
Magic:  8/8        EV:  6    Int: 13    God:
Gold:   105        SH:  0    Dex: 14    Spells: 7/7 levels left

rFire   . . .      SeeInvis .   Y - +0 hand axe (protect)
rCold   . . .      Faith    .   (no shield)
rNeg    . . .      Spirit   .   i - +4 chain mail
rPois   .          Reflect  .   (helmet restricted)
rElec   .          Harm     .   (no cloak)
rCorr   .          Rampage  .   (no gloves)
Will    .....                   (boots unavailable)
Stlth   ..........              (no amulet)
HPRegen 0.08/turn               (no ring)
MPRegen 0.11/turn               (no ring)

@: under a protective aura
A: beak, talons 3
a: no special abilities


You were on level 2 of the Dungeon.
You visited 1 branch of the dungeon, and saw 2 of its levels.

You collected 105 gold pieces.


Innate Abilities, Weirdness & Mutations

You have a beak for a mouth.
You have claws for feet.


   Skills:
 - Level 2.0 Fighting
 + Level 5.4 Axes
 - Level 1.0 Throwing
 - Level 1.1 Armour
 - Level 2.1 Dodging
 - Level 2.0 Spellcasting
 - Level 2.4 Translocations


You had 7 spell levels left.
You didn't know any spells.
Your spell library contained the following spells:

 Spells                   Type           Power      Damage    Failure   Level
 Blink                    Tloc           14%        N/A       99%         2
 Gell's Gravitas          Tloc           7%         N/A       100%        3
 Lesser Beckoning         Tloc           7%         N/A       100%        3
 Teleport Other           Tloc           7%         N/A       100%        3
 Manifold Assault         Tloc           7%         N/A       100%        5

Inventory:

Hand Weapons
 a - a +0 flail
 Y - a +0 hand axe of protection (weapon)
Missiles
 d - 4 boomerangs (quivered)
Armour
 i - a +4 chain mail (worn)
Scrolls
 b - a scroll of teleportation
 l - a scroll of identify
Potions
 e - a potion of might {unknown}
 g - a potion of attraction {unknown}
 h - a potion of curing

Dungeon Overview and Level Annotations

Branches:
Dungeon (2/15)

Altars:

Annotations:
D:2 Sigmund


Message History

You are confused.
A gnoll comes into view. It is wielding a +0 spear.
The gnoll shouts!
The gnoll throws a boomerang.
The boomerang hits you but does no damage.
You feel less confused.
Sigmund screams, "Don't try to resist!"
Sigmund hits you with a +3 scythe of pain.
You hit Sigmund but do no damage.
Your weapon exudes an aura of protection.
Sigmund hits you but does no damage.
You slash Sigmund!
Sigmund is moderately wounded.
Sigmund completely misses you.
You closely miss Sigmund. You peck Sigmund, but do no damage.
Sigmund is moderately wounded.
The gnoll hits you but does no damage.
You slash Sigmund!
Sigmund is heavily wounded.
Sigmund casts a spell at you. The magic dart hits you!
The gnoll hits you but does no damage.
You hit Sigmund.
Sigmund is severely wounded.
Sigmund drinks a potion.
Sigmund is healed!
The gnoll hits you from afar with a +0 spear.
You hit Sigmund. Your kick misses Sigmund.
Sigmund is moderately wounded.
Sigmund barely misses you.
The gnoll hits you from afar with a +0 spear.
You hit Sigmund. You claw Sigmund. Your peck misses Sigmund.
Sigmund is heavily wounded.
The gnoll hits you from afar with a +0 spear.
Sigmund hits you but does no damage.
You closely miss Sigmund. You claw Sigmund.
Sigmund is severely wounded.
The gnoll hits you from afar with a +0 spear.
You barely miss Sigmund. You peck Sigmund, but do no damage.
Sigmund is severely wounded.
Sigmund hits you with a +3 scythe of pain!
You die...

..# ..### ....# ###..
#.## ....# ..... #.>#
.#..# >...8. #..# .####
..... #..#
.#########...######..#
.....................#
...........}..g@@....#
#...................+####
#)..######...######.....#
....# ..... #.....# ....#
<... #.....# .#### ...
#.....# ....# ## #.....#
....##### #..####
........# #.##


You could see Sigmund and a gnoll.

Vanquished Creatures
  3 gnolls (D:2)
  3 adders (D:2)
  3 worms
  2 dart slugs
  5 ball pythons
  2 endoplasms (D:1)
  2 giant cockroaches (D:1)
  6 hobgoblins
  2 quokkas (D:1)
  2 bats (D:1)
  3 frilled lizards
  4 goblins
  2 kobolds
  5 rats
44 creatures vanquished.

Notes
Turn   | Place    | Note
-------+----------+-------------------------------------------
     0 | D:1      | qw the Tengu Warper began the quest for the Orb.
     0 | D:1      | Reached XP level 1. HP: 12/12 MP: 4/4
     0 | D:1      | 0 ||| qw: Version: 0.1-a-89-g26bdef1
     0 | D:1      | 0 ||| qw: Game counter: 3315
     0 | D:1      | 0 ||| qw: Always use a shield: true
     0 | D:1      | 0 ||| qw: God list: Okawaru
     0 | D:1      | 0 ||| qw: Allow faded altars: false
     0 | D:1      | 0 ||| qw: Do Orc after D:15 true
     0 | D:1      | 0 ||| qw: Do second Lair branch before Depths: true
     0 | D:1      | 0 ||| qw: Lair rune preference: random
     0 | D:1      | 0 ||| qw: Plans: Normal
     0 | D:1      | 0 ||| PLANNING D:1-11
     8 | D:1      | Found a faded altar of an unknown god.
   136 | D:1      | Reached XP level 2. HP: 17/17 MP: 6/6
   153 | D:1      | Reached skill level 3 in Axes
   663 | D:1      | Reached XP level 3. HP: 21/21 MP: 7/7
   776 | D:1      | 776 ||| DROPPING +0 club.
  1248 | D:1      | 1248 ||| UPGRADING to +4 chain mail.
  1258 | D:1      | 1258 ||| DROPPING +0 leather armour.
  1259 | D:1      | 1259 ||| READING scroll labelled OTECIRY YMOPHI.
  1260 | D:1      | 1260 ||| READING scroll labelled YKHYAS HEQYERIS.
  1264 | D:1      | 1264 ||| READING scroll labelled FOOGOKHYJEN.
  1265 | D:1      | 1265 ||| READING 2 scrolls labelled FAYDIM VAFISIL.
  1266 | D:1      | 1266 ||| READING scroll labelled PEITZU ZEBO.
  1267 | D:1      | 1267 ||| DROPPING scroll of blinking.
  1286 | D:2      | 1286 ||| STAIRDANCE
  1290 | D:1      | Reached skill level 4 in Axes
  1303 | D:2      | 1303 ||| STAIRDANCE
  1519 | D:2      | Reached XP level 4. HP: 26/26 MP: 8/8
  1587 | D:2      | Reached skill level 5 in Axes
  1588 | D:2      | 1588 ||| FLEEEEING.
  1592 | D:2      | 1592 ||| FLEEEEING.
  1593 | D:2      | 1593 ||| FLEEEEING.
  1594 | D:2      | 1594 ||| FLEEEEING.
  1595 | D:2      | 1595 ||| FLEEEEING.
  1600 | D:2      | 1600 ||| FLEEEEING.
  1602 | D:2      | 1602 ||| FLEEEEING.
  1603 | D:2      | 1603 ||| FLEEEEING.
  1604 | D:2      | 1604 ||| FLEEEEING.
  1605 | D:2      | 1605 ||| FLEEEEING.
  1606 | D:2      | 1606 ||| FLEEEEING.
  1607 | D:2      | 1607 ||| FLEEEEING.
  1608 | D:2      | 1608 ||| STAIRDANCE
  1695 | D:2      | 1695 ||| STAIRDANCE
  1765 | D:2      | 1765 ||| DROPPING +0 mace.
  1893 | D:2      | 1893 ||| Stepping ~*~*~tactically~*~*~ (stealth).
  1894 | D:2      | 1894 ||| Stepping ~*~*~tactically~*~*~ (stealth).
  1897 | D:2      | 1897 ||| Stepping ~*~*~tactically~*~*~ (stealth).
  1898 | D:2      | 1898 ||| Stepping ~*~*~tactically~*~*~ (stealth).
  1980 | D:2      | Noticed Sigmund
  1981 | D:2      | 1981 ||| Stepping ~*~*~tactically~*~*~ (hiding).
  1983 | D:2      | 1983 ||| Stepping ~*~*~tactically~*~*~ (hiding).
  1998 | D:2      | Slain by Sigmund

Levels and vault maps discovered:
D:1:      heliophobic_arrival_henge, layout_basic,
          chequers_ecumenical_altar_simple_redux, minmay_misc_feat_roman
D:2:      wander_river, layout_basic, nicolae_elevator_lobby_plus, uniq_sigmund

Skill      XL: |  1  2  3  4 |
---------------+-------------+-----
Axes           | 3 4 5 |  5.4
Fighting       | |  2.0
Throwing       | |  1.0
Armour         | |  1.1
Dodging        | |  2.1
Spellcasting   | |  2.0
Translocations | |  2.4

Action                   |  1- 3 |  4- 6 || total
-------------------------+-------+-------++-------
Melee: Hand axe          |    59 |    32 ||    91
       Kick              |    18 |    11 ||    29
       Peck              |    12 |     4 ||    16
Throw: Boomerang         |    40 |    10 ||    50
  Use: Scroll            |     5 |       ||     5
Armor: Chain mail        |    27 |    12 ||    39
       Leather armour    |     1 |       ||     1
Dodge: Dodged            |    20 |     7 ||    27

Table legend:
 A = Non-vault XP
 B = Vault XP
 C = Vault XP percentage of total XP
 D = Non-vault monster count
 E = Vault monster count
 F = Vault count percentage of total count
                 A         B        C        D         E       F
            +---------+---------+-------+---------+---------+-------
      Total |     156 |       0 |   0.0 |      44 |       0 |   0.0
            +---------+---------+-------+---------+---------+-------
        D:1 |      46 |       0 |   0.0 |      25 |       0 |   0.0
        D:2 |     110 |       0 |   0.0 |      19 |       0 |   0.0
            +---------+---------+-------+---------+---------+-------
